AoeStats
← ZamSerg

Arena

506108178Analyzed
4v4 RM · 20d ago on Sep 12, 2026· 57m 1s· 8 players
Game mode
Random Map
Map size
Large (8 player)
Population
200
Speed
Normal
Resources
Standard
Victory
Conquest
Starting age
Dark Age
Ending age
Imperial Age
RankedLock teamsTeams togetherTeam positionsShared explorationLock speedFull tech treeHidden civsTurbo modeCheats
Victory
Defeat
🇫🇷 Bohemians · France
1427
+14
🇨🇳 Britons · China
1419
+15
🇹🇼 Franks · Taiwan
1413
+15
🇷🇺 Burgundians · Russia
1260
+21
🇭🇰 Mongols · Hong Kong SAR China
1416
-18
🇨🇳 Franks · China
1407
-17
🇮🇳 Britons · India
1374
-16
1336
-14
jAi
10:12 Feudal Age
15:39 Castle Age
13:38 Horse Collar
13:58 Double-Bit Axe
14:06 Horse Collar
16:09 Wheelbarrow
17:05 Bow Saw
17:58 Heavy Plow
25:29 Fletching
28:17 Imperial Age
26:21 Loom
26:59 Ballistics
26:17 Crossbowman
27:24 Bodkin Arrow
28:35 Padded Archer Armor
28:37 Arbalester
29:40 Bracer
31:39 Conscription
32:52 Chemistry
32:43 Yeomen
34:35 Leather Archer Armor
38:01 Ring Archer Armor
电脑人-偷家鸡鸡短三寸-
10:26 Feudal Age
14:38 Castle Age
12:39 Double-Bit Axe
19:03 Fervor
21:46 Wheelbarrow
21:56 Gold Mining
21:50 Horse Collar
24:18 Heavy Plow
24:55 Gold Shaft Mining
28:04 Imperial Age
25:33 Loom
27:01 Hand Cart
27:25 Town Watch
29:04 Double Crossbow
31:00 Chemistry
30:51 Heavy Scorpion
31:49 Town Watch
33:59 Ballistics
34:15 Siege Engineers
33:49 Capped Ram
35:06 Town Patrol
34:51 Siege Ram
38:52 Coinage
40:03 Banking
43:42 Caravan
45:33 Scale Barding Armor
45:39 Forging
45:36 Light Cavalry
46:26 Bloodlines
46:17 Husbandry
47:01 Chain Barding Armor
47:46 Iron Casting
47:25 Bow Saw
46:54 Hussar
49:34 Crop Rotation
51:27 Plate Barding Armor
羊了个羊
10:08 Feudal Age
15:10 Castle Age
14:31 Double-Bit Axe
21:57 Bow Saw
24:06 Wheelbarrow
25:20 Hand Cart
27:05 Loom
30:59 Imperial Age
28:21 Gold Mining
29:44 Gold Shaft Mining
29:02 Stone Mining
29:40 Scale Barding Armor
29:46 Forging
31:37 Chain Barding Armor
31:54 Iron Casting
31:11 Cavalier
31:51 Husbandry
33:30 Plate Barding Armor
33:21 Paladin
35:29 Blast Furnace
35:36 Conscription
35:27 Fletching
37:18 Scale Mail Armor
36:42 Pikeman
37:22 Squires
38:23 Chain Mail Armor
39:32 Halberdier
41:19 Plate Mail Armor
41:32 Ballistics
42:12 Chemistry
45:32 Bodkin Arrow
48:08 Light Cavalry
大庆Song
3:19 Loom
11:48 Feudal Age
13:04 Wheelbarrow
15:46 Castle Age
13:54 Double-Bit Axe
14:04 Horse Collar
15:05 Gold Mining
15:08 Stone Mining
19:00 Bow Saw
21:23 Heavy Plow
21:59 Fletching
22:41 Bodkin Arrow
23:58 Padded Archer Armor
25:52 Leather Archer Armor
26:00 Town Watch
27:58 Gold Mining
30:06 Stone Shaft Mining
30:08 Gold Shaft Mining
31:53 Ballistics
34:21 Imperial Age
34:01 Bloodlines
33:51 Husbandry
33:12 Light Cavalry
34:06 Thumb Ring
35:00 Elite Mangudai
36:05 Conscription
35:46 Nomads
36:59 Hand Cart
37:48 Bracer
38:49 Chemistry
50:38 Caravan
53:15 Murder Holes
54:18 Hussar
55:08 Scale Barding Armor
55:14 Forging
56:31 Chain Barding Armor
57:47 Iron Casting
lun
11:08 Feudal Age
15:10 Castle Age
13:32 Double-Bit Axe
16:37 Bow Saw
24:58 Wheelbarrow
24:09 Loom
26:06 Hand Cart
31:53 Imperial Age
29:09 Town Watch
29:36 Husbandry
29:43 Scale Barding Armor
29:48 Forging
31:03 Chain Barding Armor
30:41 Gold Mining
30:44 Stone Mining
32:51 Iron Casting
32:06 Cavalier
33:22 Plate Barding Armor
34:01 Gold Shaft Mining
35:12 Blast Furnace
33:52 Paladin
35:47 Conscription
35:29 Chivalry
36:05 Hoardings
36:26 Coinage
37:26 Chemistry
36:47 Ballistics
37:16 Town Patrol
38:54 Siege Engineers
39:00 Masonry
38:42 Fletching
38:55 Scale Mail Armor
38:56 Padded Archer Armor
41:15 Chain Mail Armor
42:10 Caravan
43:19 Banking
45:07 Pikeman
45:47 Squires
45:33 Arson
46:20 Plate Mail Armor
46:56 Halberdier
Letaulier
10:07 Feudal Age
14:13 Castle Age
12:33 Double-Bit Axe
13:08 Horse Collar
17:25 Chemistry
19:50 Fervor
20:29 Bow Saw
20:57 Loom
29:39 Imperial Age
28:10 Padded Archer Armor
29:36 Leather Archer Armor
31:39 Ring Archer Armor
33:27 Houfnice
43:35 Guilds
43:59 Conscription
43:40 Fletching
45:30 Masonry
48:15 Caravan
48:28 Elite Skirmisher
50:24 Wheelbarrow
50:46 Heavy Plow
53:11 Bodkin Arrow
53:03 Town Watch
54:22 Scale Mail Armor
54:33 Forging
55:07 Scale Barding Armor
56:11 Bracer
56:57 Hand Cart
57:25 Chain Mail Armor
57:34 Town Patrol
Dreamblack
10:44 Feudal Age
14:37 Castle Age
12:37 Double-Bit Axe
13:29 Horse Collar
20:55 Bow Saw
22:12 Heavy Plow
22:24 Stone Mining
23:24 Gold Mining
25:14 Wheelbarrow
24:25 Loom
24:25 Town Watch
26:08 Gold Shaft Mining
28:54 Imperial Age
26:30 Fletching
26:42 Padded Archer Armor
26:52 Forging
26:49 Pikeman
27:14 Gambesons
27:29 Squires
27:40 Bodkin Arrow
28:49 Ballistics
29:41 Leather Archer Armor
30:02 Iron Casting
29:27 Scale Mail Armor
29:46 Treadmill Crane
29:42 Elite Longbowman
30:43 Conscription
31:43 Chemistry
31:44 Yeomen
31:38 Bracer
33:14 Ring Archer Armor
32:45 Scale Mail Armor
33:37 Halberdier
38:03 Blast Furnace
37:19 Chain Mail Armor
44:48 Plate Mail Armor
44:10 Guard Tower
44:16 Murder Holes
44:08 Arrowslits
49:16 Keep
ZamSerg
4:24 Double-Bit Axe
10:14 Feudal Age
11:00 Feudal Age
15:53 Castle Age
14:56 Bow Saw
14:35 Horse Collar
17:49 Heavy Plow
20:25 Wheelbarrow
23:03 Two-Man Saw
21:56 Gold Mining
23:09 Loom
23:47 Hand Cart
24:27 Gold Shaft Mining
26:08 Stone Mining
26:15 Town Watch
27:14 Fletching
31:14 Imperial Age
28:47 Bodkin Arrow
30:23 Crop Rotation
30:30 Stone Shaft Mining
30:11 Scale Barding Armor
31:23 Forging
31:37 Ballistics
30:58 Treadmill Crane
31:13 Murder Holes
31:30 Fortified Wall
30:58 Cavalier
31:38 Husbandry
30:59 Light Cavalry
32:39 Chain Barding Armor
32:54 Iron Casting
32:20 Bracer
31:49 Light Cavalry
33:34 Chemistry
32:24 Paladin
35:05 Plate Barding Armor
34:22 Hussar
36:33 Masonry
37:09 Conscription
37:58 Burgundian Vineyards
Connection lost

Rejoining the realm…

Still unreachable

The connection could not be restored.

Session expired

The server has moved on; the page needs a fresh start.